 Dungeon Crawl Stone Soup version 0.26.1-11-gd32895ea62 (webtiles) character file.

Game seed: 14088697812432373880

322 Zeld the Gusty (level 6, -2/34 HPs)
             Began as a Tengu Air Elementalist on Sept 1, 2021.
             Slain by a human zombie (8 damage)
             ... in an ossuary.
             The game lasted 00:07:42 (4691 turns).

Zeld the Gusty (Tengu Air Elementalist)             Turns: 4691, Time: 00:07:43

Health: -2/34      AC:  4    Str:  9    XL:     6   Next: 47%
Magic:  3/11       EV: 13    Int: 17    God:
Gold:   142        SH:  0    Dex: 14    Spells: 3/11 levels left

rFire    . . .     SeeInvis .   a - +1 whip (venom)
rCold    . . .     Faith    .   (no shield)
rNeg     . . .     Spirit   .   f - +0 robe
rPois    .         Reflect  .   (helmet restricted)
rElec    .         Harm     .   i - +1 cloak
rCorr    .         Rampage  .   (no gloves)
Will     .....                  (boots unavailable)
Stlth    ++........             (no amulet)
HPRegen  0.11/turn              (no ring)
MPRegen  0.12/turn              (no ring)

@: no status effects
A: beak, talons 3, able to fly
a: Fly


You were in an ossuary.
You visited 1 branch of the dungeon, and saw 4 of its levels.
You also visited: Ossuary.

You collected 142 gold pieces.

Inventory:

Hand Weapons
 a - a +1 whip of venom (weapon)
Missiles
 b - 96 stones (quivered)
 c - a throwing net
Armour
 f - a +0 robe (worn)
 i - a +1 cloak (worn)
Wands
 j - a wand of iceblast (10)
Scrolls
 d - 4 scrolls of identify
 e - 3 scrolls of remove curse
 g - a scroll of fear {unknown}
 l - 4 scrolls of teleportation
Potions
 h - 3 potions of heal wounds
 k - 2 potions of mutation {unknown}
 m - a potion of brilliance {unknown}
 n - a potion of magic {unknown}
 o - 2 potions of degeneration {unknown}
 p - 2 potions of cancellation {unknown}
 q - a potion of flight {unknown}


   Skills:
 + Level 1.5 Fighting
 + Level 1.8 Armour
 + Level 3.1 Dodging
 + Level 3.0 Stealth
 * Level 3.1 Spellcasting
 * Level 3.8 Conjurations
 * Level 5.4 Air Magic


You had 3 spell levels left.
You knew the following spells:

 Your Spells              Type           Power        Failure   Level
a - Shock                 Conj/Air       72%          2%          1
b - Static Discharge      Conj/Air       18%          8%          3
c - Airstrike             Air            10%          19%         4

Your spell library contained the following spells:

 Spells                   Type           Power        Failure   Level
 Swiftness                Air            21%          2%          2
 Lightning Bolt           Conj/Air       9%           56%         5


Dungeon Overview and Level Annotations

Branches:
Dungeon (4/15)            Ossuary (1/1)
 Temple: D:4-7

Altars:
Cheibriados
Hepliaklqana
The Shining One


Innate Abilities, Weirdness & Mutations

You have a beak for a mouth.
You have claws for feet.
You can fly continuously.


Message History

* * * LOW HITPOINT WARNING * * *
Unknown command.
Casting: Shock (safe; 2% risk of failure)
Confirm with . or Enter, or press ? or * to list all spells.
Aiming: Shock (safe; 2% risk of failure)
Press: ? - help, Shift-Dir - straight line, f/p - human zombie
Aim: a human zombie (heavily damaged, 21% to evade)
The zap hits the human zombie!
The human zombie is heavily damaged.
The human zombie hits you.
* * * LOW HITPOINT WARNING * * *
Casting: Shock (safe; 2% risk of failure)
Confirm with . or Enter, or press ? or * to list all spells.
Aiming: Shock (safe; 2% risk of failure)
Press: ? - help, Shift-Dir - straight line, f/p - human zombie
Aim: a human zombie (heavily damaged, 21% to evade)
The zap hits the human zombie.
The human zombie is heavily damaged.
The human zombie hits you!
You die...

###.### #'# ## ###.###
##### ##Z. ##.....##
##...## #.... #.......#
#.....#
#.....###...∩...###.....##
M......'...∩∩∩...'.......#
#.....###Z..∩...###.....##
#.... #@......# #.....#
##.Z ##.....## ##...## ##
###.### ##### #'# #.# ...
..... ....... #Z.....Z#


You could see a human zombie.

Vanquished Creatures
  An elf zombie (Ossuary)
  2 centaur zombies (Ossuary)
  A human zombie (Ossuary)
  An orc wizard (D:3)
  Terence (D:3)
  A mummy (Ossuary)
  An adder (D:3)
  A worm (D:3)
  A dart slug (D:2)
  9 orcs
  2 ball pythons
  7 bats
  4 giant cockroaches
  5 hobgoblins
  6 jackals (D:2)
  A quokka (D:3)
  7 frilled lizards
  6 goblins
  7 kobolds
  6 rats
70 creatures vanquished.

Vanquished Creatures (others)
  A fungus (D:1)
  A plant (D:3)
2 creatures vanquished.

Grand Total: 72 creatures vanquished

Notes
Turn   | Place    | Note
-------+----------+-------------------------------------------
     0 | D:1      | Zeld the Tengu Air Elementalist began the quest for the
                  | Orb.
     0 | D:1      | Reached XP level 1. HP: 10/10 MP: 4/4
   361 | D:1      | Reached XP level 2. HP: 14/15 MP: 0/6
  1253 | D:2      | Reached XP level 3. HP: 20/20 MP: 3/7
  1260 | D:2      | Learned a level 3 spell: Static Discharge
  1413 | D:2      | Found a glowing golden altar of the Shining One.
  1635 | D:2      | Found a snail-covered altar of Cheibriados.
  2023 | D:2      | Found a hazy altar of Hepliaklqana.
  2314 | D:3      | Reached XP level 4. HP: 21/24 MP: 0/8
  2322 | D:3      | Learned a level 4 spell: Airstrike
  2412 | D:3      | Reached skill level 1 in Armour
  3245 | D:3      | Noticed Terence
  3258 | D:3      | Killed Terence
  3259 | D:3      | Reached skill level 1 in Fighting
  3259 | D:3      | Gained mutation: You can fly continuously. [Tengu growth]
  3259 | D:3      | Reached XP level 5. HP: 19/29 MP: 1/10
  3663 | D:4      | Found a sand-covered staircase.
  3667 | Ossuary  | Entered an ossuary
  3710 | Ossuary  | Reached skill level 5 in Air Magic
  4244 | Ossuary  | Reached XP level 6. HP: 22/34 MP: 1/11
  4691 | Ossuary  | Slain by a human zombie

Illustrated notes

Levels and vault maps discovered:
D:1:      dpeg_arrival_prison, layout_basic, amcnicky_mini_corridor_feature
D:2:      layout_basic, lemuel_coloured_pillars_altar, kennysheep_slug_shrine,
          nzn_hepliaklqana_mist_gate
D:3:      cheibrodos_old_hovel, layout_loops_corners, chequers_arboretum,
          uniq_terence
D:4:      layout_loops_ring, old_standard_altar,
          lemuel_zombie_altar_kikubaaqudgha, enter_ossuary_5
Ossuary:  ossuary_minmay_four_chambers

Skill      XL: |  1  2  3  4  5  6 |
---------------+-------------------+-----
Conjurations   | 2 3 |  3.8
Armour         | 1 |  1.8
Fighting       | 1 |  1.5
Air Magic      | 5 |  5.4
Spellcasting   | 3 |  3.1
Dodging        | 3 |  3.1
Stealth        | 3 |  3.0

Action                   |  1- 3 |  4- 6 || total
-------------------------+-------+-------++-------
Melee: Dagger            |    10 |       ||    10
       Unarmed           |     1 |       ||     1
       Kick              |     4 |     7 ||    11
       Peck              |     1 |     7 ||     8
       Mace              |     4 |       ||     4
       Whip              |       |    28 ||    28
 Cast: Shock             |    79 |    89 ||   168
       Static Discharge  |       |     3 ||     3
  Use: Scroll            |     5 |     2 ||     7
Armor: Robe              |     7 |    16 ||    23
Dodge: Dodged            |    33 |    36 ||    69
